 Dungeon Crawl Stone Soup version 0.24-b1 (webtiles) character file.

Game seed: 1513725372737489094, levelgen mode: deterministic

728 Arixos the Charmwright (level 7, 0/36 HPs)
             Began as a Vine Stalker Skald on Oct 13, 2019.
             Shot with an arrow by a centaur (1 damage)
             ... on level 5 of the Dungeon.
             The game lasted 00:24:15 (4060 turns).

Arixos the Charmwright (Vine Stalker Skald)         Turns: 4060, Time: 00:24:16

Health: 0/36       AC:  4    Str: 13      XL:     7   Next: 72%
Magic:  0/13       EV: 14    Int: 13      God:
Gold:   182        SH:  0    Dex: 15 (16) Spells: 5/12 levels left

rFire    + . .     SeeInvis .   w - +0 long sword
rCold    . . .     Gourm    .   (no shield)
rNeg     . . .     Faith    .   b - +0 leather armour
rPois    .         Spirit   +   (no helmet)
rElec    .         Reflect  .   (no cloak)
rCorr    .         Harm     .   (no gloves)
MR       .....                  t - +0 pair of boots
Stlth    ++........             (no amulet)
HPRegen  0.52/turn              k - +1 ring of evasion
MPRegen  0.13/turn              n - ring of protection from fire

@: very slightly contaminated
A: fangs 2, regeneration 1, magic shield, antimagic bite, no potion heal 3, rot
immunity
a: no special abilities


You were on level 5 of the Dungeon.
You were not hungry.

You visited 2 branches of the dungeon, and saw 7 of its levels.

You collected 182 gold pieces.

Inventory:

Hand Weapons
 w - a +0 long sword (weapon)
Missiles
 i - 16 poisoned darts
 l - 3 atropa-tipped darts (quivered)
Armour
 b - a +0 leather armour (worn)
 t - a +0 pair of boots (worn)
Jewellery
 k - a +1 ring of evasion (left hand)
 n - a ring of protection from fire (right hand)
Wands
 u - a wand of scattershot (7)
Scrolls
 f - 6 scrolls of identify
 h - a scroll of remove curse
 s - a scroll of blinking {unknown}
 v - a scroll of fog
Potions
 c - a potion of ambrosia {unknown}
 e - a potion of lignification {unknown}
 g - a potion of agility {unknown}
 j - a potion of cancellation {unknown}
 m - 2 potions of mutation {unknown}
 o - a potion of curing {unknown}
 q - a potion of degeneration
 r - 2 potions of brilliance
Comestibles
 d - 11 rations
 p - 3 chunks of flesh


   Skills:
 + Level 3.1 Fighting
 + Level 3.0 Long Blades
 + Level 2.2 Armour
 + Level 2.9 Dodging
 + Level 3.0 Stealth
 + Level 3.3 Spellcasting
 + Level 4.0 Charms
 + Level 2.2 Necromancy
 + Level 2.4 Translocations


You had 5 spell levels left.
You knew the following spells:

 Your Spells              Type           Power        Failure   Level  Hunger
a - Song of Slaying       Chrm           ##......     9%          2    ##.....
r - Regeneration          Chrm/Necr      ##........   24%         3    ###....
s - Shroud of Golubria    Chrm/Tloc      ##....       12%         2    ##.....

Your spell library contained the following spells:

 Spells                   Type           Power        Failure   Level  Hunger
 Infusion                 Chrm           ##..         5%          1    #......
 Spectral Weapon          Hex/Chrm       #.......     36%         3    ###....


Dungeon Overview and Level Annotations

Branches:
Dungeon (6/15)             Temple (1/1) D:4

Altars:
Ashenzari
Cheibriados
Elyvilon
Fedhas
Hepliaklqana
Makhleb
Qazlal
Sif Muna
Trog
Vehumet
Wu Jian
Yredelemnul
Zin

Shops:
D:4 [   D:6 *

Annotations:
D:4 Menkaure


Innate Abilities, Weirdness & Mutations

You have extremely sharp teeth.
Your natural rate of healing is unusually fast.
When hurt, damage is shared between your health and your magic reserves.
Your bite disrupts and absorbs the magic of your enemies.
Potions cannot restore your health.
You are immune to rotting.


Message History

The ogre is lightly wounded.
The ogre hits you with a +0 giant club!
* * * LOW HITPOINT WARNING * * *
Your shroud falls apart!
The ogre hits you with a +0 giant club!
* * * LOW HITPOINT WARNING * * *
A hound zombie comes into view.
You see here a +0 spear.
A centaur comes into view. It is wielding a +0 rapier.
The centaur moves out of view.
A howler monkey comes into view.
Found a scroll of remove curse.
Found a stone staircase leading down.
Some of the chunks of flesh in your inventory have rotted away.
The centaur shouts!
You hear an angry hiss.
The centaur unwields a +0 rapier.
The centaur wields a +1 shortbow of flaming.
It bursts into flame!
The centaur shoots an arrow.
The arrow hits you!
* * * LOW HITPOINT WARNING * * *
The arrow burns you.
You die...

.. # ###....#. .........
...>#...#####....
...........#....h.
...........#.......
....................
#......##........###
.#....@.............
....................## #
..........O..........##.
......................#.
........................
........................
.c..............##......
..?......#.....<##......
.......###..รท..).....#.


You could see an ogre and a centaur.

Vanquished Creatures
  A centaur (D:5)
  3 bullfrogs (D:6)
  A howler monkey (D:4)
  A crimson imp (D:6)
  A bullfrog skeleton (D:4)
  A hound (D:4)
  2 worker ants
  A hound zombie (D:3)
  A hound skeleton (D:6)
  A worker ant zombie (D:6)
  5 gnolls
  5 adders
  2 oozes (D:2)
  An adder skeleton (D:6)
  7 worms
  A dart slug (D:3)
  3 leopard geckos
  5 orcs
  2 ball pythons
  5 giant cockroaches
  7 goblins
  10 hobgoblins
  18 jackals
  A quokka (D:3)
  7 bats
  2 frilled lizards
  A jackal zombie (D:6)
  7 kobolds
  12 rats
114 creatures vanquished.

Notes
Turn   | Place    | Note
-------+----------+-------------------------------------------
     0 | D:1      | Arixos the Vine Stalker Skald began the quest for the Orb.
     0 | D:1      | Reached XP level 1. HP: 11/11 MP: 4/4
   424 | D:1      | Reached skill level 1 in Armour
   424 | D:1      | Reached XP level 2. HP: 6/15 MP: 0/6
   471 | D:1      | Learned a level 2 spell: Shroud of Golubria
   809 | D:1      | Reached XP level 3. HP: 12/18 MP: 5/7
   814 | D:1      | Learned a level 3 spell: Regeneration
  1277 | D:2      | Found a white marble altar of Elyvilon.
  1525 | D:2      | Reached skill level 1 in Stealth
  1535 | D:2      | Gained mutation: Your natural rate of healing is unusually
                  | fast. [Vine Stalker growth]
  1535 | D:2      | Reached XP level 4. HP: 12/23 MP: 4/8
  1561 | D:2      | Learned a level 2 spell: Song of Slaying
  1648 | D:2      | Found a basalt altar of Yredelemnul.
  1892 | D:2      | Found a radiant altar of Vehumet.
  2298 | D:3      | Reached skill level 1 in Translocations
  2397 | D:3      | Reached XP level 5. HP: 26/27 MP: 6/9
  2879 | D:4      | Reached skill level 1 in Necromancy
  2968 | D:4      | Reached XP level 6. HP: 24/32 MP: 4/11
  3065 | D:5      | Entered Level 5 of the Dungeon
  3246 | D:5      | Reached XP level 7. HP: 31/35 MP: 9/12
  3343 | D:6      | Found Peus's Assorted Antiques.
  3423 | D:4      | Found an ornate altar of the Wu Jian Council.
  3426 | D:4      | Found Getakali's Armour Shoppe.
  3485 | D:4      | Found a staircase to the Ecumenical Temple.
  3490 | Temple   | Entered the Ecumenical Temple
  3809 | D:4      | Noticed a moth of wrath
  3812 | D:4      | Found a bloodstained altar of Trog.
  3839 | D:4      | Reached skill level 4 in Charms
  3925 | D:4      | Noticed Menkaure
  4049 | D:5      | HP: 1/36 [ogre/+0 giant club (11)]
  4060 | D:5      | HP: 1/36 [centaur/arrow (5)]
  4060 | D:5      | Shot with an arrow by a centaur

Skill      XL: |  1  2  3  4  5  6  7 |
---------------+----------------------+-----
Armour         | 1 2 |  2.2
Fighting       | 2 3 |  3.1
Long Blades    | 2 3 |  3.0
Dodging        | 2 |  2.9
Stealth        | 1 2 3 |  3.0
Translocations | 1 2 |  2.4
Necromancy     | 1 2 |  2.2
Spellcasting   | 3 |  3.3
Charms         | 4 |  4.0

Action                   |  1- 3 |  4- 6 |  7- 9 || total
-------------------------+-------+-------+-------++-------
Melee: Falchion          |    96 |   196 |    64 ||   356
       Bite              |    20 |    77 |    31 ||   128
       Long sword        |       |       |     9 ||     9
 Cast: Infusion          |     2 |       |       ||     2
       Shroud of Golubri |     6 |    32 |    16 ||    54
       Regeneration      |     2 |     3 |       ||     5
       Song of Slaying   |       |     3 |       ||     3
  Use: Potion            |     4 |     2 |       ||     6
       Scroll            |     3 |     2 |       ||     5
 Stab: Sleeping          |       |     3 |       ||     3
  Eat: Chunk             |     3 |     8 |     5 ||    16
Armor: Leather armour    |    27 |    50 |     8 ||    85
Dodge: Dodged            |    67 |   162 |    58 ||   287
       Rpst.: Falchion   |    17 |    56 |    11 ||    84
       Long sword        |       |       |     5 ||     5
